 Dungeon Crawl Stone Soup version 0.27-a0-972-gd1521fd518 (webtiles) character file.

Game seed: 17096733869910481562

15 kae the Ruffian (level 2, -2/23 HPs)
             Began as a Draconian Transmuter on Apr 13, 2021.
             Slain by Terence
             ... wielding a +0 short sword
              (3 damage)
             ... on level 1 of the Dungeon.
             The game lasted 00:00:25 (1661 turns).

kae the Ruffian (Draconian Transmuter)              Turns: 1661, Time: 00:00:25

Health: -2/23      AC:  4    Str: 12    XL:     2   Next: 34%
Magic:  5/5        EV: 12    Int: 11    God:
Gold:   45         SH:  0    Dex: 11    Spells: 4/5 levels left

rFire    . . .     SeeInvis .     - Unarmed
rCold    + . .     Faith    .   (no shield)
rNeg     . . .     Spirit   .   (armour unavailable)
rPois    .         Reflect  .   (helmet restricted)
rElec    .         Harm     .   (no cloak)
rCorr    .         Rampage  .   (no gloves)
Will     .....                  (no boots)
Stlth    +.........             (no amulet)
HPRegen  0.07/turn              (no ring)
MPRegen  0.09/turn              (no ring)

@: mighty
A: AC +4, unfitting armour, cold-blooded, cold resistance 1, dopey 1, evolution
1
a: no special abilities


You were on level 1 of the Dungeon.
You visited 1 branch of the dungeon, and saw 2 of its levels.

You collected 45 gold pieces.

Inventory:

Jewellery
 c - a ring of ice
 e - an amulet of the acrobat
 h - a ring of fire
Scrolls
 b - 2 scrolls of enchant armour {unknown}
 f - a scroll of fog {unknown}
 g - a scroll of identify {unknown}


   Skills:
 + Level 1.2 Fighting
 + Level 1.8 Dodging
 + Level 0.3 Stealth
 * Level 3.2 Unarmed Combat
 + Level 2.1 Spellcasting
 * Level 2.3 Transmutations


You had 4 spell levels left.
You knew the following spells:

 Your Spells              Type           Power      Damage    Failure   Level
a - Beastly Appendage     Tmut           12%        N/A       11%         1

Your spell library contained the following spells:

 Spells                   Type           Power      Damage    Failure   Level
 Wereblood                Tmut           6%         N/A       17%         2
 Spider Form              Tmut/Pois      1%         N/A       47%         3
 Ice Form                 Ice/Tmut       3%         N/A       87%         4
 Hydra Form               Tmut           3%         N/A       97%         5


Dungeon Overview and Level Annotations

Branches:
Dungeon (2/15)

Altars:

Annotations:
D:1 Terence


Innate Abilities, Weirdness & Mutations

Your plain brown scales are hard. (AC +4)
You cannot fit into any form of body armour.
You are cold-blooded and may be slowed by cold attacks.
Your flesh is cold resistant. (rC+)
You are dopey. (Int -2)
You evolve.


Message History

You are too injured to fight recklessly!
You are too injured to fight recklessly!
You are too injured to fight recklessly!
You are too injured to fight recklessly!
Terence hits you with a +0 short sword.
There is a stone staircase leading up here.
You hit Terence but do no damage.
Terence is lightly wounded.
Terence barely misses you.
You hit Terence but do no damage.
Terence is lightly wounded.
Terence misses you.
A giant cockroach comes into view.
You hit Terence but do no damage.
Terence is lightly wounded.
Terence closely misses you.
You hit Terence but do no damage.
Terence is lightly wounded.
You hit Terence but do no damage.
Terence is lightly wounded.
Terence hits you with a +0 short sword.
* * * LOW HITPOINT WARNING * * *
Terence shouts, "Now you die!" Terence hits you with a +0 short sword.
* * * LOW HITPOINT WARNING * * *
You climb upwards.
There is a stone staircase leading down here.
Casting: Beastly Appendage (safe; 10% risk of failure)
Confirm with . or Enter, or press ? or * to list all spells.
You don't know that spell.
Terence is nearby!
It was a potion of might.
You feel very mighty all of a sudden. Terence hits you with a +0 short sword.
* * * LOW HITPOINT WARNING * * *
It was a potion of mutation.
You feel extremely strange.
You feel nature experimenting on you.
Don't worry, failures die fast.
You feel stupid.
You feel resistant to cold. Terence hits you with a +0 short sword.
You die...

##### #.... ###############
#.### #.............# #.#
#.###########.##### #.# #.#
#.....# #.#
#.###########.....#######.#
#.##...)....@@....+.....#.#
#.##.......##.....#####.#.###
#.##.........................
#.##........#.............###
#.##........#.............#
#.##........#.............#
#.##........#.#.#####'#...#
#.##........#.#.#####.#...#
#.##...............##.#...#


You could see Terence.

Vanquished Creatures
  A bat (D:2)
  4 endoplasms
  2 goblins
  A hobgoblin (D:1)
  A quokka (D:1)
  2 ball pythons (D:2)
  A frilled lizard (D:1)
  A rat (D:1)
13 creatures vanquished.

Notes
Turn   | Place    | Note
-------+----------+-------------------------------------------
     0 | D:1      | kae the Draconian Transmuter began the quest for the Orb.
     0 | D:1      | Reached XP level 1. HP: 16/16 MP: 3/3
   467 | D:1      | Reached XP level 2. HP: 23/23 MP: 3/5
   566 | D:1      | Found a faded altar of an unknown god.
  1645 | D:2      | Noticed Terence
  1660 | D:1      | HP: 1/23 [Terence/+0 short sword (3)]
  1661 | D:1      | Gained mutation: You evolve. [potion of mutation]
  1661 | D:1      | Gained mutation: You are dopey. (Int -2) [potion of
                  | mutation]
  1661 | D:1      | Gained mutation: Your flesh is cold resistant. (rC+)
                  | [potion of mutation]
  1661 | D:1      | Slain by Terence

Illustrated notes

Levels and vault maps discovered:
D:1:      amcnicky_arrival_flooded_fountain, layout_basic,
          hellmonk_ecumenical_altar_zigzags
D:2:      layout_loops_corners, serial_aquarium, aquarium_bridge_island_small
          [aquarium_subvault_small_open, aquarium_subvault_wall,
          aquarium_subvault_bridge, aquarium_subvault_wall,
          aquarium_subvault_balcony], aquarium_window_fake,
          aquarium_window_fake, aquarium_window_corner, aquarium_window_1,
          aquarium_view_2d, aquarium_pool_four, uniq_terence

Action                   || total
-------------------------++-------
Melee: Unarmed           ||    37
       Kick              ||     9
       Tailslap          ||     3
       Punch             ||     1
 Cast: Beastly Appendage ||     6
  Use: Potion            ||     2
Armor: Skin              ||     6
Dodge: Dodged            ||    17

Table legend: (Time is in decaauts)
 A = Elapsed time spent in this place.
 B = Non-inter-level travel time spent in this place.
 C = Inter-level travel time spent in this place.
 D = Time resting spent in this place.
 E = Time spent auto-exploring this place.
 F = Levels seen in this place.
 G = Mean time per level.
                   A        B        C        D        E       F      G
               +--------+--------+--------+--------+--------+-----+--------+
         Total |   1662 |   1642 |     20 |      0 |   1545 |   2 |  831.0 |
       Dungeon |   1662 |   1642 |     20 |      0 |   1545 |   2 |  831.0 |
               +--------+--------+--------+--------+--------+-----+--------+

Top non-repeatable levels by time:
     D:1: 1214 daAuts
     D:2: 447 daAuts
